 Dungeon Crawl Stone Soup version 0.27-a0-1529-g1e82c303ef (webtiles) character file.

Game seed: 9328032698816169955

1907 DemonSlayer the Covered (level 9, -4/69 HPs)
             Began as a Human Berserker on July 12, 2021.
             Was a Priest of Trog.
             Slain by an unseen horror (8 damage)
             ... on level 6 of the Dungeon.
             The game lasted 00:27:25 (11034 turns).

DemonSlayer the Covered (Human Berserker)          Turns: 11034, Time: 00:27:26

Health: -4/69      AC: 11    Str: 20    XL:     9   Next: 38%
Magic:  9/9        EV: 11    Int:  9    God:    Trog [***...]
Gold:   124        SH:  0    Dex: 12    Spells: 8/8 levels left

rFire    . . .     SeeInvis .   f - +1 war axe
rCold    . . .     Faith    .   (no shield)
rNeg     . . .     Spirit   .   b - +3 scale mail
rPois    .         Reflect  .   (no helmet)
rElec    .         Harm     .   (no cloak)
rCorr    +         Rampage  .   j - +0 pair of gloves
Will     .....                  (no boots)
Stlth    +.........             (no amulet)
HPRegen  0.21/turn              c - ring of resist corrosion
MPRegen  0.11/turn              (no ring)

@: hasted, very quick
A: no striking features
a: Renounce Religion, Berserk, Trog's Hand


You were on level 6 of the Dungeon.
You worshipped Trog.
Trog was most pleased with you.
You visited 1 branch of the dungeon, and saw 6 of its levels.

You collected 306 gold pieces.
You spent 182 gold pieces at shops.

Inventory:

Hand Weapons
 f - a +1 war axe (weapon)
Missiles
 l - 5 curare-tipped darts
 m - 29 poisoned darts (quivered)
Armour
 b - a +3 scale mail (worn)
 j - a +0 pair of gloves (worn)
Jewellery
 c - a ring of resist corrosion (left hand)
Wands
 k - a wand of iceblast (16)
Scrolls
 d - a scroll of enchant armour {unknown}
 g - a scroll of identify
 h - 2 scrolls of teleportation
Potions
 a - a potion of heal wounds
 e - a potion of haste
 i - a potion of cancellation


   Skills:
 + Level 5.6 Fighting
 + Level 4.6 Long Blades
 + Level 4.9(5.9) Axes
 + Level 4.9(5.9) Maces & Flails
 + Level 0.1 Throwing
 + Level 5.8 Armour
 + Level 3.5 Dodging
 + Level 2.2 Stealth


You had 8 spell levels left.
You didn't know any spells.
Your spell library was empty.

Dungeon Overview and Level Annotations

Branches:
Dungeon (6/15)             Temple (0/1) D:4

Altars:
Okawaru
Ru
Xom
Zin

Shops:
D:4 :?   D:5 [


Message History

You slash the iguana!
The iguana is moderately wounded.
You hit something but do no damage.
Something hits you but does no damage. x2
The iguana closely misses you.
You hit the iguana.
The iguana is heavily wounded.
You hit something. Something hits you but does no damage.
The iguana barely misses you.
You hit the iguana.
The iguana is almost dead.
Something hits you.
* * * LOW HITPOINT WARNING * * *
The iguana closely misses you.
You slash the iguana!
You kill the iguana!
Trog accepts your kill.
You miss something. Something hits you but does no damage.
You slash something! Something hits you but does no damage.
Something hits you but does no damage.
You see here an iguana corpse.
An ogre comes into view. It is wielding a +0 giant spiked club.
The ogre shouts!
Something hits you but does no damage. Something hits you.
* * * LOW HITPOINT WARNING * * *
You closely miss something. Something barely misses you. Something hits you.
* * * LOW HITPOINT WARNING * * *
As you read the scroll of teleportation, it crumbles to dust.
You feel strangely unstable. Something hits you but does no damage.
Something hits you but does no damage. Something hits you but does no damage.
Something hits you but does no damage.
You see here an iguana corpse.
Something hits you.
* * * LOW HITPOINT WARNING * * *
Something hits you.
* * * LOW HITPOINT WARNING * * *
As you read the scroll of teleportation, it crumbles to dust.
You feel strangely stable. Something hits you!
You die...

#.......##
##########
#.........
##.......# #......#
##.......#
#.#......#
##.......#
#.#.O....#
##.......#
#.#......#
##.......#
#...†..###
##.......# #......+
#........# #...@..#
#........# #....^.#
#....########.#...##
..............#...#
#....##########.$.#
#....# #...# #....#
#...# #....# #...#
#....# #...#


You could see an ogre.

Vanquished Creatures
  Duvessa (D:5)
  A black bear (D:4)
  An ice beast (D:5)
  2 necrophages
  3 ogres
  2 phantoms
  A kobold brigand (D:6)
  A scorpion (D:5)
  Dowan (D:5)
  3 water moccasin skeletons
  2 hounds (D:5)
  2 orc priests
  A gnoll shaman (D:5)
  A centaur skeleton (D:3)
  2 orc wizards
  Terence (D:3)
  4 iguanas
  A killer bee zombie (D:5)
  2 hound skeletons
  Robin (D:4)
  2 howler monkey skeletons (D:5)
  8 gnolls
  7 adders
  A white imp (D:6)
  An ufetubus (D:5)
  An adder zombie (D:5)
  2 worms
  3 dart slugs
  17 orcs
  5 ball pythons
  11 endoplasms
  3 giant cockroaches
  14 goblins
  11 hobgoblins
  6 jackals (D:3)
  A quokka (D:2)
  6 bats
  2 frilled lizards
  12 kobolds
  7 rats
153 creatures vanquished.

Vanquished Creatures (others)
  A gnoll (D:3)
  An adder (D:3)
  A worm (D:3)
  An orc (D:3)
  A bat (D:3)
  2 endoplasms (D:3)
  A quokka (D:3)
  A ball python (D:3)
  A frilled lizard (D:3)
  A rat (D:3)
11 creatures vanquished.

Grand Total: 164 creatures vanquished

Notes
Turn   | Place    | Note
-------+----------+-------------------------------------------
     0 | D:1      | DemonSlayer the Human Berserker began the quest for the
                  | Orb.
     0 | D:1      | Reached XP level 1. HP: 18/18 MP: 1/1
   195 | D:1      | Reached XP level 2. HP: 19/24 MP: 2/2
   993 | D:1      | Reached XP level 3. HP: 29/29 MP: 3/3
  1626 | D:2      | Reached XP level 4. HP: 20/35 MP: 4/4
  2110 | D:2      | Reached ** piety under Trog
  2632 | D:2      | Reached XP level 5. HP: 41/41 MP: 5/5
  3252 | D:2      | Reached skill level 1 in Stealth
  3427 | D:3      | Noticed Terence
  3458 | D:3      | Killed Terence
  3804 | D:3      | Reached XP level 6. HP: 48/48 MP: 6/6
  3852 | D:3      | Found a shimmering altar of Xom.
  4066 | D:3      | Found a glowing silver altar of Zin.
  4243 | D:3      | Found a faded altar of an unknown god.
  4820 | D:4      | Reached *** piety under Trog
  4821 | D:4      | Reached skill level 1 in Maces & Flails
  4917 | D:4      | Noticed a necrophage
  4935 | D:4      | Killed a necrophage
  4936 | D:4      | Reached XP level 7. HP: 41/54 MP: 7/7
  5079 | D:4      | Found Kisigry's Book Shop.
  5337 | D:4      | Noticed Robin
  5359 | D:4      | Killed Robin
  5584 | D:4      | Found Igadexku's Magic Scroll Shoppe.
  5628 | D:4      | Reached XP level 8. HP: 61/61 MP: 8/8
  5768 | D:4      | Bought a scroll of identify for 26 gold pieces
  5768 | D:4      | Bought a scroll of identify for 26 gold pieces
  5768 | D:4      | Bought a scroll of teleportation for 39 gold pieces
  5768 | D:4      | Bought 2 scrolls of identify for 52 gold pieces
  5768 | D:4      | Bought a scroll of teleportation for 39 gold pieces
  5784 | D:4      | Found an iron altar of Okawaru.
  6911 | D:4      | Found a staircase to the Ecumenical Temple.
  7126 | D:5      | Entered Level 5 of the Dungeon
  7147 | D:5      | Found Zarocru's Antique Armour Shoppe.
  7818 | D:5      | Reached skill level 1 in Axes
  8245 | D:5      | Reached skill level 5 in Armour
  8557 | D:5      | Reached skill level 5 in Fighting
  8712 | D:5      | Reached XP level 9. HP: 68/68 MP: 9/9
  9163 | D:5      | Noticed Duvessa
  9170 | D:5      | Killed Duvessa
  9200 | D:5      | Noticed Dowan
  9211 | D:5      | Killed Dowan
  9368 | D:5      | Found a sacrificial altar of Ru.
 11034 | D:6      | Slain by an unseen horror

Illustrated notes

Levels and vault maps discovered:
D:1:      minmay_arrival_arboretum_small, layout_basic
D:2:      layout_loops_ring, minmay_strange_pillars
D:3:      layout_rooms, xom_confusion_cloud, zin_scriptorium,
          hellmonk_ecumenical_altar_lost_god, uniq_terence
D:4:      layout_rooms, okawaru_ov_weapons_minmay,
          minmay_temple_entry_offerings, serial_shops, shop, shop_coins,
          uniq_robin
D:5:      layout_loops_cross, nicolae_ru_awakened_eye, serial_shops,
          shop_fountains, kennysheep_nondescript, minmay_between, uniq_duvessa
D:6:      layout_basic, kennysheep_little_box, uniq_crazy_yiuf_cottage

Skill      XL: |  1  2  3  4  5  6  7  8  9 |
---------------+----------------------------+-----
Long Blades    | 4 |  4.6
Stealth        | 1 2 |  2.2
Armour         | 3 4 5 |  5.8
Fighting       | 4 5 |  5.6
Maces & Flails | 2 4 |  4.9
Dodging        | 3 |  3.5
Axes           | 3 4 |  4.9
Throwing       | |  0.1

Action                   |  1- 3 |  4- 6 |  7- 9 || total
-------------------------+-------+-------+-------++-------
Melee: Falchion          |    68 |    74 |       ||   142
       Morningstar       |       |    97 |   115 ||   212
       War axe           |       |       |   184 ||   184
Throw: Dart              |       |       |    16 ||    16
Invok: Berserk           |     2 |    10 |     9 ||    21
       Trog's Hand       |       |       |     1 ||     1
Evoke: Wand              |       |       |     3 ||     3
  Use: Scroll            |     1 |     1 |    10 ||    12
       Potion            |       |       |     8 ||     8
 Stab: Sleeping          |     1 |       |       ||     1
       Invisible         |       |       |     2 ||     2
Armor: Animal skin       |    10 |       |       ||    10
       Ring mail         |     7 |    12 |       ||    19
       Chain mail        |       |   105 |   135 ||   240
       Scale mail        |       |       |    58 ||    58
Dodge: Dodged            |    40 |   105 |   172 ||   317
       Rpst.: Falchion   |    14 |    12 |       ||    26

Table legend: (Time is in decaauts)
 A = Elapsed time spent in this place.
 B = Non-inter-level travel time spent in this place.
 C = Inter-level travel time spent in this place.
 D = Time resting spent in this place.
 E = Time spent auto-exploring this place.
 F = Levels seen in this place.
 G = Mean time per level.
                   A        B        C        D        E       F      G
               +--------+--------+--------+--------+--------+-----+--------+
         Total |  11337 |  11162 |    175 |   6976 |   2602 |   6 | 1889.5 |
       Dungeon |  11337 |  11162 |    175 |   6976 |   2602 |   6 | 1889.5 |
               +--------+--------+--------+--------+--------+-----+--------+

Top non-repeatable levels by time:
     D:5: 3168 daAuts
     D:4: 2421 daAuts
     D:2: 2044 daAuts
     D:3: 1449 daAuts
     D:1: 1412 daAuts
     D:6: 841 daAuts
